 Dungeon Crawl Stone Soup version 0.31-a0-150-g89dc3ad700 (webtiles) character file.

Game seed: 13568188980783521457

61 qw the Shooter (level 3, -1/31 HPs)
             Began as a Minotaur Hunter on June 8, 2023.
             Slain by Grinder (3 damage)
             ... while paralysed by Grinder
             ... on level 3 of the Dungeon.
             The game lasted 00:00:36 (1691 turns).

qw the Shooter (Minotaur Hunter)                    Turns: 1691, Time: 00:00:36

Health: -1/31      AC:  5    Str: 15    XL:     3   Next: 83%
Magic:  2/2        EV:  2    Int:  6    God:
Gold:   79         SH:  0    Dex: 21    Spells: 2/2 levels left

rFire   + . .        Y - +0 shortbow
rCold   + . .        (shield currently unavailable)
rNeg    + . .        h - +0 ring mail
rPois   .            (helmet restricted)
rElec   .            d - scarf {rC+ rF+}
rCorr   .            (no gloves)
SInv    .            (no boots)
Will    .....        (no amulet)
Stlth   +            j - ring of positive energy
HPRegen 0.25/turn    b - +6 ring of dexterity
MPRegen 0.08/turn

%: no passive effects
@: paralysed
A: horns 2, retaliatory headbutt
a: no special abilities


You were on level 3 of the Dungeon.
You visited 1 branch of the dungeon, and saw 3 of its levels.

You collected 79 gold pieces.


Innate Abilities, Weirdness & Mutations

You have a pair of horns on your head.
You reflexively headbutt those who attack you in melee.


   Skills:
 - Level 3.0 Fighting
 + Level 5.6 Ranged Weapons
 - Level 1.0 Armour
 - Level 2.1 Dodging
 - Level 0.7 Stealth


You had 2 spell levels left.
You didn't know any spells.
Your spell library was empty.

Inventory:

Hand Weapons
 Y - a +0 shortbow (weapon)
Armour
 d - a scarf of resistance (worn)
 h - a +0 ring mail (worn)
Jewellery
 b - a +6 ring of dexterity (right hand)
 j - a ring of positive energy (left hand)
Scrolls
 c - 2 scrolls of identify
 g - a scroll of poison {unknown}
Potions
 a - a potion of cancellation {unknown}
 e - a potion of curing {unknown}
 f - 2 potions of might {unknown}
 i - a potion of degeneration {unknown}

Dungeon Overview and Level Annotations

Branches:
Dungeon (3/15)

Altars:

Annotations:
D:3 Grinder


Message History

You shoot an arrow. The arrow barely misses Grinder.
Grinder hits you.
You writhe in agony.
You shoot an arrow.
The arrow hits Grinder but does no damage.
Grinder gestures at you. Pain shoots through your body!
You shoot an arrow.
The arrow hits Grinder but does no damage.
Grinder gestures at you. You resist with significant effort.
You shoot an arrow. The arrow barely misses Grinder.
Grinder hits you.
You writhe in agony.
You shoot an arrow. The arrow barely misses Grinder.
Grinder misses you. x2; You furiously retaliate!
You headbutt Grinder! You shoot an arrow. The arrow hits Grinder.
Grinder is moderately wounded.
Grinder hits you but does no damage.
You shoot an arrow. The arrow closely misses Grinder.
Grinder barely misses you. You furiously retaliate!
You headbutt Grinder! You shoot an arrow. The arrow hits Grinder.
Grinder is heavily wounded.
Grinder misses you. You furiously retaliate!
You headbutt Grinder! You shoot an arrow. The arrow barely misses Grinder.
Grinder blinks!
You shoot an arrow. The arrow hits Grinder.
Grinder is almost dead.
You shoot an arrow. The arrow hits Grinder.
Grinder is almost dead.
You shoot an arrow. The arrow hits Grinder.
Grinder is almost dead.
Grinder hits you but does no damage.
You shoot an arrow.
The arrow hits Grinder but does no damage.
Grinder is almost dead.
Grinder hits you.
You writhe in agony.
You shoot an arrow. The arrow barely misses Grinder.
Grinder gestures at you.
You suddenly lose the ability to move!
Grinder hits you. Grinder hits you.
You writhe in agony.
You die...

#####.#.#
#......#
#.......#
#####..#
#.###.### #...#
#.# #.#.# #.#
#.#.# #.# #.#.#
# #.# #.#.# .#
#.# #.#5#..#
... #.#@$..#
#..
...?.......#
#####..........
###########


You could see Grinder.

Vanquished Creatures
  An adder (D:3)
  A dart slug (D:1)
  2 ball pythons (D:1)
  2 endoplasms (D:2)
  5 giant cockroaches
  10 goblins
  3 hobgoblins
  4 jackals (D:1)
  2 quokkas
  3 bats (D:2)
  A frilled lizard (D:2)
  5 kobolds
  5 rats (D:2)
44 creatures vanquished.

Notes
Turn   | Place    | Note
-------+----------+-------------------------------------------
     0 | D:1      | qw the Minotaur Hunter began the quest for the Orb.
     0 | D:1      | Reached XP level 1. HP: 18/18 MP: 0/0
     0 | D:1      | 0 ||| qw: Version: 0.2-a-120-gdf1a93b
     0 | D:1      | 0 ||| qw: Game counter: 2995
     0 | D:1      | 0 ||| qw: Always use a shield: true
     0 | D:1      | 0 ||| qw: God list: Okawaru
     0 | D:1      | 0 ||| qw: Allow faded altars: false
     0 | D:1      | 0 ||| qw: Do Orc after D:15 true
     0 | D:1      | 0 ||| qw: Do second Lair branch before Depths: true
     0 | D:1      | 0 ||| qw: Lair rune preference: random
     0 | D:1      | 0 ||| qw: Plans: Normal
     0 | D:1      | 0 ||| PLANNING D:1-11
    44 | D:1      | Reached XP level 2. HP: 25/25 MP: 1/1
    77 | D:1      | Reached skill level 5 in Ranged Weapons
   459 | D:1      | Reached skill level 3 in Fighting
   985 | D:1      | 985 ||| UPGRADING to +0 ring mail.
   995 | D:1      | 995 ||| DROPPING +0 leather armour.
   996 | D:1      | 996 ||| UPGRADING to ring of positive energy.
   997 | D:1      | 997 ||| READING scroll labelled GUNEOH FUTOF.
   998 | D:1      | 998 ||| READING scroll labelled ZAERGH JEMMOT.
  1002 | D:1      | 1002 ||| DROPPING scroll of butterflies.
  1053 | D:2      | Reached XP level 3. HP: 31/31 MP: 2/2
  1161 | D:2      | Reached skill level 1 in Armour
  1458 | D:2      | 1458 ||| UPGRADING to scarf of resistance.
  1463 | D:2      | 1463 ||| UPGRADING to +6 ring of dexterity.
  1464 | D:2      | 1464 ||| READING scroll labelled AHACRE XAYXT.
  1465 | D:2      | 1465 ||| READING 2 scrolls of identify.
  1465 | D:2      | 1465 ||| IDENTIFYING purple potion
  1466 | D:2      | 1466 ||| DROPPING potion of attraction.
  1672 | D:3      | Noticed Grinder
  1673 | D:3      | Paralysed by Grinder for 3 turns
  1680 | D:3      | HP: 6/31 [Grinder (2)]
  1689 | D:3      | HP: 4/31 [Grinder (5)]
  1690 | D:3      | Paralysed by Grinder for 2 turns
  1691 | D:3      | Slain by Grinder

Levels and vault maps discovered:
D:1:      lightli_arrival_statuegarden, layout_basic
D:2:      layout_rooms
D:3:      layout_loops_ring, uniq_grinder

Skill      XL: |  1  2  3 |
---------------+----------+-----
Ranged Weapons | 5 |  5.6
Fighting       | 3 |  3.0
Armour         | 1 |  1.0
Dodging        | |  2.1
Stealth        | |  0.7

Action                     || total
---------------------------++-------
   Fire: Shortbow          ||   134
    Use: Scroll            ||     4
 Armour: Leather armour    ||     4
         Ring mail         ||     3
  Dodge: Dodged            ||    32

Table legend:
 A = Non-vault XP
 B = Vault XP
 C = Vault XP percentage of total XP
 D = Non-vault monster count
 E = Vault monster count
 F = Vault count percentage of total count
                 A         B        C        D         E       F
            +---------+---------+-------+---------+---------+-------
      Total |      88 |       0 |   0.0 |      44 |       0 |   0.0
            +---------+---------+-------+---------+---------+-------
        D:1 |      38 |       0 |   0.0 |      19 |       0 |   0.0
        D:2 |      34 |       0 |   0.0 |      22 |       0 |   0.0
        D:3 |      16 |       0 |   0.0 |       3 |       0 |   0.0
            +---------+---------+-------+---------+---------+-------
